 Dungeon Crawl Stone Soup version 0.25.1-1-g288607f5aa (webtiles) character file.

Game seed: 11516450983935469393

592 lepoulpe303 the Magician (level 7, -1/33 HPs)
             Began as a Spriggan Earth Elementalist on July 21, 2020.
             Was a Believer of Zin.
             Slain by a hornet (13 damage)
             ... on level 5 of the Dungeon.
             The game lasted 00:21:33 (6419 turns).

lepoulpe303 the Magician (SpEE)                     Turns: 6419, Time: 00:21:33

Health: -1/33      AC:  2    Str:  4    XL:     7   Next: 16%
Magic:  10/15      EV: 20    Int: 19    God:    Zin [**....]
Gold:   162        SH:  0    Dex: 16    Spells: 6/16 levels left

rFire    . . .     SeeInvis +   a - +1 dagger (speed)
rCold    . . .     Gourm    .   (shield restricted)
rNeg     . . .     Faith    .   c - +0 robe
rPois    .         Spirit   .   (helmet restricted)
rElec    .         Reflect  .   (no cloak)
rCorr    .         Harm     .   (gloves unavailable)
MR       ++...                  (boots unavailable)
Stlth    +++.......             (no amulet)
HPRegen  0.11/turn              m - ring of protection from magic
MPRegen  0.14/turn              (no ring)

@: lethally poisoned (-1 -> -5), very quick
A: very small, unfitting armour, see invisible, herbivore, speed 3, slow
metabolism 2
a: Recite, Vitalisation, Donate Gold, Renounce Religion


You were on level 5 of the Dungeon.
You worshipped Zin.
Zin was pleased with you.
You were not hungry.

You visited 2 branches of the dungeon, and saw 6 of its levels.

You collected 261 gold pieces.
You donated 99 gold pieces to Zin.

Inventory:

Hand Weapons
 a - a +1 dagger of speed (weapon)
 b - a +0 rapier
 r - a +0 dagger of venom
Missiles
 j - 28 poisoned darts (quivered)
 l - 6 boomerangs
 u - 2 throwing nets {=f}
 Q - 62 stones
Armour
 c - a +0 robe (worn)
Magical Staves
 z - an uncursed staff of wizardry {unknown}
Jewellery
 m - a ring of protection from magic (left hand)
 p - an uncursed ring of fire {rF+, rC-}
 D - a cursed ring of protection from fire {unknown}
 N - a cursed ring of positive energy {rN+}
Wands
 v - a wand of acid (12)
 C - a wand of flame (24)
Scrolls
 f - a scroll of amnesia {unknown}
 g - 2 scrolls of magic mapping {unknown}
 i - 3 scrolls of identify
 k - 2 scrolls of remove curse {unknown}
 q - a scroll of noise {unknown}
 t - 2 scrolls of teleportation
 w - a scroll of random uselessness {unknown}
 x - 2 scrolls of immolation {unknown}
 y - 2 scrolls of enchant armour {unknown}
Potions
 d - 3 potions of might
 h - 2 potions of haste
 n - 2 potions of resistance
 o - a potion of magic {unknown}
 s - 2 potions of lignification {unknown}
 A - a potion of berserk rage {unknown}
 B - a potion of curing {unknown}
Comestibles
 e - 6 rations


   Skills:
 + Level 1.5 Fighting
 + Level 2.4 Short Blades
 + Level 4.4 Dodging
 + Level 5.0 Stealth
 * Level 5.0 Spellcasting
 * Level 3.9 Transmutations
 * Level 4.2 Earth Magic


You had 6 spell levels left.
You knew the following spells:

 Your Spells              Type           Power        Failure   Level  Hunger
a - Sandblast             Erth           ###...       2%          1    None
c - Petrify               Tmut/Erth      ###.....     22%         4    ####...
w - Passwall              Tmut/Erth      ###.....     3%          2    #......
x - Stone Arrow           Conj/Erth      ##....       16%         3    ##.....

Your spell library contained the following spells:

 Spells                   Type           Power        Failure   Level  Hunger
 Animate Skeleton         Necr           N/A          12%         1    None
 Apportation              Tloc           #.....       12%         1    None
 Corona                   Hex            #......      12%         1    None
 Summon Small Mammal      Summ           #...         12%         1    None
 Lee's Rapid Deconstruct  Erth           ###.......   52%         5    ######.


Dungeon Overview and Level Annotations

Branches:
Dungeon (5/15)             Temple (1/1) D:4

Altars:
Cheibriados
Elyvilon
Fedhas
Gozag
Nemelex Xobeh
Okawaru
Ru
Sif Muna
Trog
Uskayaw
Vehumet
Wu Jian
Xom
Yredelemnul
Zin
The Shining One


Innate Abilities, Weirdness & Mutations

You are very small and have problems with some larger weapons.
You are too small for most types of armour.
You have supernaturally acute eyesight. (SInv)
You are a herbivore.
You cover ground extremely quickly.
You need to consume almost no food.


Message History

You are poisoned.
You feel yourself slow down. The hornet completely misses you.
You take 7 damage, and have 26/33 hp.
MASSIVE DAMAGE!!
You now have 11/15 mp.
Aim: a hornet (heavily wounded)
The blast of sand misses the hornet.
Q - 62 stones You feel sick.
The hornet closely misses you. The hornet stings you!
* * * LOW HITPOINT WARNING * * *
You feel as though you will be slow longer.
You take 12 damage, and have 14/33 hp.
MASSIVE DAMAGE!!
You now have 10/15 mp.
You feel sick.
You take 1 damage, and have 13/33 hp.
You feel yourself speed up.
You feel sick. The hornet stings you!
You die...

####.# #.####.#.##.# .....#
#.# #.#.##.# ###..# #.#
#.#.##.## .....# #.#
#.#.#.#>####### ###.## ###.#
##....###......#
#.#####...###....#.#.#####.#
#................##.## #.#
#####.....###.y.###.# #.#
#..#.)####@####.# ##.#
#........)......# #..#
#.##.#####.#.#### #.##
#.##.# #.#.# #.# #.##.#
#.#.########.# #.##.#
#.........##.# #.##.#
###.#####.##.# #.##.# #.#
#.##.# #.##.# #.# #.##.#


You could see a hornet.

Levels and vault maps discovered:
D:1:      dpeg_arrival_tiny_h, layout_loops_ring
D:2:      layout_basic
D:3:      layout_loops_ring, chequers_decorated_corner, minmay_bisected
D:4:      layout_rooms, minmay_temple_entry_stoned_glass, first_ration
D:5:      layout_loops_ring, vehumet_altar_wand_db
Temple:   nicolae_temple_elliptical

Notes
Turn   | Place    | Note
-------+----------+-------------------------------------------
     0 | D:1      | lepoulpe303 the Spriggan Earth Elementalist began the quest
                  | for the Orb.
     0 | D:1      | Reached XP level 1. HP: 9/9 MP: 5/5
    74 | D:1      | HP: 2/9 [leopard gecko (4)]
   337 | D:1      | Identified a +0 dagger
   365 | D:1      | HP: 2/9 [kobold (2)]
   369 | D:1      | Reached skill level 3 in Spellcasting
   588 | D:1      | Identified a +0 club
   614 | D:1      | Identified a cursed -1 dagger
   623 | D:1      | You fall into a shaft and drop 1 floor!
   625 | D:2      | Reached XP level 2. HP: 10/13 MP: 7/7
   629 | D:2      | Learned a level 2 spell: Passwall
  1128 | D:2      | Identified a +0 club
  1128 | D:2      | Identified a +1 dagger of speed
  1377 | D:2      | Reached skill level 3 in Earth Magic
  1546 | D:1      | Identified a +0 short sword
  1586 | D:1      | Identified a +0 club
  1607 | D:1      | Identified a +0 club
  1616 | D:1      | HP: 3/13 [hobgoblin/+0 club (7)]
  1966 | D:1      | Reached XP level 3. HP: 13/16 MP: 8/8
  1971 | D:1      | Learned a level 3 spell: Stone Arrow
  2080 | D:1      | Identified a +0 dagger
  2335 | D:1      | Identified a +0 club
  2923 | D:2      | Identified an uncursed ring of protection from magic
  2934 | D:2      | Reached skill level 1 in Short Blades
  2996 | D:2      | Identified 3 scrolls of identify
  2996 | D:2      | Identified a ring of positive energy (You found it on level
                  | 1 of the Dungeon)
  2997 | D:2      | lepoulpe303: !whichgod spee
  2997 | D:2      | meem: 9 recent wins for spee: 3x Gozag, 3x Zin,
                  | Cheibriados, Dithmenos, Makhleb
  3021 | D:3      | Identified a +0 club
  3022 | D:3      | Identified a +0 club
  3533 | D:3      | Identified a +0 club
  3547 | D:3      | Identified a ring of fire (You found it on level 3 of the
                  | Dungeon)
  3567 | D:3      | Identified a +0 club
  3567 | D:3      | Identified a +0 hunting sling
  3605 | D:3      | Identified a +0 dagger
  3605 | D:3      | Identified a +0 hunting sling
  3613 | D:3      | Reached skill level 4 in Stealth
  3829 | D:3      | Identified a +0 club
  3857 | D:3      | Reached XP level 4. HP: 21/21 MP: 8/10
  3868 | D:3      | Learned a level 4 spell: Petrify
  3914 | D:3      | Identified a +0 short sword
  4534 | D:3      | Identified a +0 flail
  4534 | D:3      | Identified a +0 leather armour
  4783 | D:4      | Reached skill level 4 in Spellcasting
  4783 | D:4      | Reached skill level 2 in Transmutations
  4783 | D:4      | Reached XP level 5. HP: 18/25 MP: 5/12
  4818 | D:4      | Noticed a phantom
  4860 | D:4      | Found a staircase to the Ecumenical Temple.
  4870 | Temple   | Entered the Ecumenical Temple
  5049 | Temple   | Became a worshipper of Zin the Law-Giver
  5049 | Temple   | Reached * piety under Zin
  5050 | Temple   | Donated 73 gold pieces to Zin
  5091 | D:4      | Identified a +0 spear
  5102 | D:4      | Reached skill level 1 in Fighting
  5187 | D:4      | Killed a phantom
  5187 | D:4      | Reached skill level 4 in Dodging
  5187 | D:4      | Reached skill level 3 in Transmutations
  5187 | D:4      | Reached XP level 6. HP: 20/30 MP: 0/13
  5258 | D:4      | Identified a +0 spear
  5268 | D:4      | Identified a +0 halberd
  5268 | D:4      | Identified a +0 ring mail
  5548 | D:4      | Identified a +0 rapier
  5561 | D:4      | Reached skill level 2 in Short Blades
  5565 | D:4      | Identified 3 scrolls of teleportation
  5632 | D:4      | Reached ** piety under Zin
  5640 | D:4      | Identified a potion of haste
  5641 | D:4      | Identified 2 potions of resistance
  5642 | D:4      | Identified 2 potions of degeneration
  5763 | D:5      | Entered Level 5 of the Dungeon
  5763 | D:5      | Identified a +0 club
  5763 | D:5      | Identified a +0 halberd
  5767 | D:5      | Identified a +3 whip
  5769 | D:5      | Reached skill level 4 in Earth Magic
  5813 | D:5      | Noticed a hornet
  5930 | D:5      | Found a radiant altar of Vehumet.
  5938 | D:5      | Identified a +4 shortbow
  5947 | D:5      | Reached skill level 5 in Stealth
  5947 | D:5      | Reached skill level 5 in Spellcasting
  5947 | D:5      | Reached XP level 7. HP: 26/33 MP: 10/15
  6149 | D:5      | Identified a +0 hand axe
  6149 | D:5      | Identified a +0 chain mail
  6419 | D:5      | Slain by a hornet

Table legend:
 A = Turns spent in this place as a percentage of turns spent in the entire game.
 B = Non-inter-level travel turns spent in this place as a percentage of non-inter-level travel turns spent in the entire game.
 C = Inter-level travel turns spent in this place as a percentage of turns spent in this place.
 D = Turns resting spent in this place as a percentage of non-inter-level travel turns spent in this place.
 E = Turns spent auto-exploring this place as a percentage of non-inter-level travel turns spent in this place.
 F = Non-inter-level travel turns spent in this place divided by the number of levels of this place that you've seen.
                   A       B       C       D       E      F
               +-------+-------+-------+-------+-------+----------------------
         Total | 100.0 | 100.0 |   2.9 |  44.1 |  35.6 | 1038.7
       Dungeon |  96.8 |  97.1 |   2.7 |  45.4 |  34.4 | 1210.0
        Temple |   3.2 |   2.9 |  10.8 |   0.0 |  76.4 | 182.0
               +-------+-------+-------+-------+-------+----------------------

Table legend:
 A = Kills in this place as a percentage of kills in entire the game.
 B = Kills by you in this place as a percentage of kills by you in the entire game.
 C = Kills by friends in this place as a percentage of kills by friends in the entire game.
 D = Other kills in this place as a percentage of other kills in the entire game.
 E = Experience gained in this place as a percentage of experience gained in the entire game.
 F = Experience gained in this place divided by the number of levels of this place that you have seen.
                   A       B       C       D       E      F
               +-------+-------+-------+-------+-------+----------------------
         Total | 100.0 | 100.0 |   N/A |   N/A | 100.0 | 141.2
       Dungeon | 100.0 | 100.0 |   N/A |   N/A | 100.0 | 169.4
               +-------+-------+-------+-------+-------+----------------------

Skill      XL: |  1  2  3  4  5  6 |
---------------+-------------------+-----
Spellcasting   | 3 4 5 |  5.0
Earth Magic    | 3 4 |  4.2
Short Blades   | 1 2 |  2.4
Stealth        | 4 5 |  5.0
Transmutations | 2 3 |  3.9
Fighting       | 1 |  1.5
Dodging        | 4 |  4.4

Action                   |  1- 3 |  4- 6 |  7- 9 || total
-------------------------+-------+-------+-------++-------
Melee: Unarmed           |    44 |       |       ||    44
       Dagger            |   226 |    93 |    21 ||   340
Throw: Boomerang         |     1 |       |       ||     1
       Dart              |     2 |     6 |       ||     8
 Cast: Sandblast         |    17 |    51 |    15 ||    83
Invok: Donate Gold       |       |     1 |       ||     1
Evoke: Wand              |       |       |     1 ||     1
  Use: Scroll            |     2 |     4 |       ||     6
 Stab: Sleeping          |     4 |    12 |       ||    16
       Distracted        |     2 |     1 |       ||     3
  Eat: Ration            |     1 |     1 |       ||     2
Armor: Robe              |    32 |     6 |       ||    38
Dodge: Dodged            |   218 |    79 |    20 ||   317

Vanquished Creatures
  A necrophage (D:5)
  A phantom (D:4)
  A centaur (D:5)
  A scorpion (D:3)
  A howler monkey (D:4)
  A hound (D:5)
  A worker ant (D:4)
  7 gnolls
  4 adders
  2 oozes (D:1)
  An adder skeleton (D:4)
  A worm (D:5)
  A dart slug (D:2)
  4 leopard geckos
  2 orcs
  7 bats
  3 giant cockroaches
  12 goblins
  9 hobgoblins
  6 jackals
  A quokka (D:4)
  A ball python (D:2)
  A ball python skeleton (D:4)
  5 frilled lizards
  10 kobolds
  A quokka skeleton (D:5)
  2 rats
87 creatures vanquished.
